 Dungeon Crawl Stone Soup version 0.30.0-16-gbe6223bb7e (webtiles) character file.

Game seed: 1707861167080516641

55 Twinkles the Cutter (level 3, -3/28 HPs)
             Began as a Vampire Warper on May 21, 2023.
             Slain by Terence
             ... wielding a +0 mace
              (4 damage)
             ... on level 3 of the Dungeon.
             The game lasted 00:02:21 (1354 turns).

Twinkles the Cutter (Vampire Warper)                Turns: 1354, Time: 00:02:22

Health: -3/28      AC:  3    Str: 10    XL:     3   Next: 67%
Magic:  0/6        EV: 12    Int: 15    God:
Gold:   76         SH:  0    Dex: 15    Spells: 2/6 levels left

rFire   . . .        a - +0 short sword
rCold   . . .        (no shield)
rNeg    . . .        b - +0 leather armour
rPois   .            (no helmet)
rElec   .            (no cloak)
rCorr   .            (no gloves)
SInv    +            (no boots)
Will    .....        i - amulet of guardian spirit
Stlth   ++           (no ring)
HPRegen 0.44/turn    (no ring)
MPRegen 0.10/turn

%: guardian spirit
@: lethally poisoned (-3 -> -4), healing quickly
A: alive, fangs 3, see invisible, vampiric 2
a: Exsanguinate


You were on level 3 of the Dungeon.
You visited 1 branch of the dungeon, and saw 3 of its levels.

You collected 76 gold pieces.

Inventory:

Hand Weapons
 a - a +0 short sword (weapon)
Missiles
 d - 7 boomerangs of dispersal (quivered)
Armour
 b - a +0 leather armour (worn)
Jewellery
 i - an amulet of guardian spirit (around neck)
Scrolls
 e - a scroll of enchant armour {unknown}
 j - a scroll of acquirement {unknown}
 D - a scroll of blinking
Potions
 c - a potion of invisibility {unknown}
 f - a potion of curing {unknown}
 g - 2 potions of heal wounds {unknown}
 h - a potion of brilliance {unknown}


   Skills:
 + Level 2.3 Fighting
 + Level 2.9 Short Blades
 - Level 0.7 Throwing
 - Level 0.7 Armour
 + Level 2.9 Dodging
 + Level 2.5 Stealth
 - Level 2.0 Spellcasting
 - Level 2.4 Translocations


You had 2 spell levels left.
You knew the following spells:

 Your Spells              Type           Power      Damage    Failure   Level
a - Blink                 Tloc           16%        N/A       17%         2
b - Lesser Beckoning      Tloc           16%        N/A       17%         2

Your spell library contained the following spells:

 Spells                   Type           Power      Damage    Failure   Level
 Teleport Other           Tloc           8%         N/A       34%         3
 Vhi's Electric Charge    Tloc/Air       10%        N/A       50%         3
 Inner Flame              Hex/Fire       1%         N/A       65%         3
 Manifold Assault         Tloc           8%         N/A       75%         4
 Yara's Violent Unravell  Hex/Tmut       0%         3d3       100%        5
 Enfeeble                 Hex            0%         N/A       100%        7


Dungeon Overview and Level Annotations

Branches:
Dungeon (3/15) Zot: 16657

Altars:

Shops:
D:2 *

Annotations:
D:3 Terence


Innate Abilities, Weirdness & Mutations

Your natural rate of healing is accelerated.
You have razor-sharp teeth.
You have supernaturally acute eyesight. (SInv)
You are afflicted with vampirism and can become a bat while bloodless.


Message History

Terence is severely wounded.
Terence hits you with a +0 mace.
You hit Terence. Your bite misses Terence.
Terence is severely wounded.
The adder hisses angrily.
Terence barely misses you.
You hit Terence but do no damage.
Terence is severely wounded.
Terence misses you.
The giant cockroach bites you but does no damage.
You barely miss Terence.
Terence is severely wounded.
The giant cockroach bites you but does no damage.
Terence hits you with a +0 mace!
You hit Terence but do no damage.
Terence is severely wounded.
The giant cockroach bites you. The adder closely misses you.
You hit Terence. Your bite misses Terence.
Terence is severely wounded.
Terence closely misses you. The adder bites you.
You are poisoned.
The adder poisons you! The giant cockroach closely misses you.
You barely miss Terence.
Terence is severely wounded.
You feel sick. Terence hits you with a +0 mace.
* * * LOW HITPOINT WARNING * * *
The adder barely misses you.
The giant cockroach bites you but does no damage.
You hit Terence but do no damage.
Terence is severely wounded.
You feel sick. Terence hits you with a +0 mace!
* * * LOW HITPOINT WARNING * * *
The adder barely misses you. The giant cockroach barely misses you.
You hit Terence but do no damage.
Terence is severely wounded.
* * * LOW HITPOINT WARNING * * *
You feel sick. The adder closely misses you.
The giant cockroach completely misses you.
Terence hits you with a +0 mace.
You die...

###########
#....#....#
#....#....########
#....#...........#
#....#.....#####.#
###...S#.....#####.#
......B@..........>#
###
###...@#.....#####.#
#.. #^...#.....# #.#
#.# ######.....# #.#
#.# #####.#####.#
#.# #.......# #.#
######..###.#
#....... ##.#####


You could see Terence, an adder and a giant cockroach.

Vanquished Creatures
  3 adders
  A shadow imp (D:3)
  A worm (D:3)
  2 ball pythons
  3 endoplasms
  A goblin (D:1)
  A hobgoblin (D:1)
  3 kobolds (D:2)
  A quokka (D:2)
  A bat (D:1)
  A frilled lizard (D:1)
  2 rats (D:2)
20 creatures vanquished.

Notes
Turn   | Place    | Note
-------+----------+-------------------------------------------
     0 | D:1      | Twinkles the Vampire Warper began the quest for the Orb.
     0 | D:1      | Reached XP level 1. HP: 16/16 MP: 3/3
   263 | D:1      | Reached skill level 1 in Stealth
   528 | D:2      | Reached XP level 2. HP: 12/22 MP: 5/5
   557 | D:2      | Found Sumuzxus's General Store.
   562 | D:2      | Learned a level 2 spell: Blink
   565 | D:2      | Learned a level 2 spell: Lesser Beckoning
   865 | D:2      | Gained mutation: You are afflicted with vampirism and can
                  | become a bat while bloodless. [Vampire growth]
   865 | D:2      | Reached XP level 3. HP: 23/27 MP: 4/6
  1343 | D:3      | Noticed Terence
  1352 | D:3      | HP: 9/28 [poisoned by an adder]
  1353 | D:3      | HP: 2/28 [Terence/+0 mace (5)]
  1354 | D:3      | Slain by Terence

Illustrated notes

Levels and vault maps discovered:
D:1:      mushboom_english_gardens, layout_rooms, ebering_dispersal_statue_hall
D:2:      layout_basic, serial_shops, shop
D:3:      layout_basic, serial_shops, shop, uniq_terence, uniq_natasha,
          uniq_sigmund

Skill      XL: |  1  2 |
---------------+-------+-----
Stealth        | 1 2 |  2.5
Fighting       | 2 |  2.3
Short Blades   | |  2.9
Throwing       | |  0.7
Armour         | |  0.7
Dodging        | |  2.9
Spellcasting   | |  2.0
Translocations | |  2.4

Action                     || total
---------------------------++-------
  Melee: Short sword       ||    92
         Bite              ||    11
         Punch             ||     1
   Stab: Sleeping          ||     5
 Armour: Leather armour    ||    23
  Dodge: Dodged            ||    52
